 Dungeon Crawl Stone Soup version 0.31.0-32-g396128a36d (webtiles) character file.

Game seed: 17801725604411679839

10556 PaiMei the Nimble (level 11, 0/89 HPs)
             Began as a Demonspawn Necromancer on Mar 26, 2024.
             Was a Believer of Kikubaaqudgha.
             Slain by a six-headed hydra (8 damage)
             ... on level 9 of the Dungeon.
             The game lasted 00:20:15 (15882 turns).

PaiMei the Nimble (Demonspawn Necromancer)         Turns: 15882, Time: 00:20:15

Health: 0/89       AC:  5    Str:  9    XL:     11   Next: 37%
Magic:  13/32      EV: 24    Int: 19    God:    Kikubaaqudgha [**....]
Gold:   526        SH:  0    Dex: 14    Spells: 14/27 levels left

rFire   . . .        u - +1 short sword (speed)
rCold   . . .        (no shield)
rNeg    . . .        T - +0 troll leather armour
rPois   .            (no helmet)
rElec   .            (no cloak)
rCorr   .            N - +0 pair of gloves
SInv    .            r - +0 pair of boots
Will    .....        (no amulet)
Stlth   ++           d - +5 ring of evasion
HPRegen 1.14/turn    p - ring of magical power
MPRegen 0.23/turn

%: no passive effects
@: very slightly contaminated, studying Dodging
A: repulsion field 2, demonic guardian 3, weakness stinger 1
a: Renounce Religion, Unearth Wretches


You were on level 9 of the Dungeon.
You worshipped Kikubaaqudgha.
Kikubaaqudgha was pleased with you.
You visited 3 branches of the dungeon, and saw 12 of its levels.

You collected 526 gold pieces.

Inventory:

Hand Weapons
 u - a +1 short sword of speed (weapon)
 A - a +2 whip of electrocution
 F - a +1 short sword of freezing
 I - a +2 sling of draining
 U - a +2 dagger of draining
 X - a +0 flail of venom
Missiles
 m - 2 throwing nets (quivered)
 v - 32 poisoned darts
 G - 3 curare-tipped darts
Armour
 r - a +0 pair of boots (worn)
 C - a +2 robe of willpower
 N - a +0 pair of gloves (worn)
 O - a +2 chain mail of poison resistance
 T - a +0 troll leather armour (worn)
Jewellery
 d - a +5 ring of evasion (left hand)
 p - a ring of magical power (right hand)
 y - a ring of protection from cold
 J - a ring of poison resistance
 K - a ring of willpower
 Q - the ring "Tuxaghu" {Ice *Corrode *Slow Fly Str+8}
   (You found it on level 8 of the Dungeon)

   [ring of ice]

   Ice:       It enhances your ice magic.
   Str+8:     It affects your strength (+8).
   rF-:       It makes you vulnerable to fire.
   rC+:       It protects you from cold.
   Fly:       It grants you flight.
   *Corrode:  It may corrode you when you take damage.
   *Slow:     It may slow you when you take damage.
 S - a +6 ring of intelligence
Wands
 D - a wand of charming (12)
 M - a wand of acid (8)
 P - a wand of iceblast (15)
 W - a wand of polymorph (6)
Scrolls
 a - a scroll of revelation {unknown}
 e - a scroll of amnesia {unknown}
 f - 2 scrolls of fog {unknown}
 h - 3 scrolls of teleportation {unknown}
 i - 3 scrolls of blinking {unknown}
 n - 4 scrolls of immolation
 o - a scroll of brand weapon {unknown}
 t - 4 scrolls of enchant weapon {unknown}
 x - 3 scrolls of vulnerability {unknown}
 E - a scroll of enchant armour {unknown}
 R - 2 scrolls of silence {unknown}
Potions
 b - 4 potions of magic
 c - 4 potions of lignification
 g - a potion of invisibility {unknown}
 j - a potion of degeneration {unknown}
 k - 3 potions of might
 l - a potion of haste {unknown}
 q - 2 potions of berserk rage {unknown}
 s - 4 potions of brilliance
 w - 5 potions of curing
 z - 2 potions of heal wounds
 B - 2 potions of attraction
 H - a potion of enlightenment {unknown}
 L - a potion of cancellation {unknown}
 V - a potion of ambrosia {unknown}


   Skills:
 + Level 9.0 Fighting
 + Level 11.5 Dodging
 - Level 2.0 Stealth
 + Level 8.6 Spellcasting
 + Level 10.9 Necromancy


You had 14 spell levels left.
You knew the following spells:

 Your Spells              Type           Power      Damage    Failure   Level
a - Necrotise             Necr           100%       1d9       1%          1
b - Vampiric Draining     Necr           49%        2d9       1%          3
c - Animate Dead          Necr           49%        N/A       1%          4
d - Curse of Agony        Necr           49%        N/A       3%          5

Your spell library contained the following spells:

 Spells                   Type           Power      Damage    Failure   Level
 Sublimation of Blood     Necr           49%        N/A       1%          2
 Fugue of the Fallen      Necr           49%        N/A       1%          3
 Cigotuvi's Dreadful Rot  Necr/Alch/Air  44%        N/A       4%          2
 Foxfire                  Conj/Fire      32%        2x1d5     12%         1
 Call Canine Familiar     Summ           8%         N/A       36%         3
 Hailstorm                Conj/Ice       8%         3d5       36%         3
 Inner Flame              Hex/Fire       8%         N/A       36%         3
 Sigil of Binding         Hex            8%         N/A       36%         3
 Summon Ice Beast         Ice/Summ       8%         N/A       36%         3
 Dimensional Bullseye     Hex/Tloc       4%         N/A       77%         4
 Irradiate                Conj/Alch      4%         3d13      98%         5
 Plasma Beam              Fire/Air       4%         2x1d14    100%        6
 Sculpt Simulacrum        Ice/Alch       4%         N/A       100%        6
 Starburst                Conj/Fire      4%         6d3       100%        6
 Ignition                 Fire           4%         3d4       100%        8


Dungeon Overview and Level Annotations

Branches:
Dungeon (10/15)            Temple (1/1) D:7            Lair (1/5) D:9
    Orc (0/2) D:10

Altars:
Ashenzari
Cheibriados
Dithmenos
Fedhas
Gozag
Hepliaklqana
Kikubaaqudgha
Makhleb
Nemelex Xobeh
Okawaru
Qazlal
Ru
Sif Muna
Trog
Uskayaw
Vehumet
Wu Jian
Xom
Yredelemnul

Annotations:
D:9 3 runed translucent doors, seawaffle's ghost, novice TrFi


Innate Abilities, Weirdness & Mutations

You are surrounded by a moderate repulsion field. (EV +3)
A powerful demonic guardian rushes to your aid.
You have a small tail.


Message History

The six-headed hydra bites you! The six-headed hydra barely misses you.
The six-headed hydra bites you but does no damage.
The six-headed hydra barely misses you. The six-headed hydra misses you. x2
Casting: Curse of Agony (dangerous; 3% risk of failure)
Confirm with . or Enter, or press ? or * to list all spells.
Aiming: Curse of Agony (dangerous; 3% risk of failure)
Press: ? - help, Shift-Dir - straight line, f/p - six-headed hydra
Aim: a six-headed hydra (chance to affect: 64%)
The six-headed hydra struggles to resist.
The six-headed hydra closely misses you.
The six-headed hydra barely misses you. The six-headed hydra bites you!
The six-headed hydra misses you. The six-headed hydra bites you.
The six-headed hydra barely misses you.
Casting: Curse of Agony (dangerous; 3% risk of failure)
Confirm with . or Enter, or press ? or * to list all spells.
Aiming: Curse of Agony (dangerous; 3% risk of failure)
Press: ? - help, Shift-Dir - straight line, f/p - six-headed hydra
Aim: a six-headed hydra (chance to affect: 64%)
You miscast Curse of Agony.
You are very lightly contaminated with residual magic.
Nothing appears to happen.
The six-headed hydra completely misses you.
The six-headed hydra closely misses you.
The six-headed hydra bites you!
* * * LOW HITPOINT WARNING * * *
The six-headed hydra misses you.
The six-headed hydra bites you but does no damage.
The six-headed hydra bites you!
* * * LOW HITPOINT WARNING * * *
Okay, then.
The six-headed hydra closely misses you. x3
The six-headed hydra bites you but does no damage.
The six-headed hydra completely misses you.
The six-headed hydra bites you.
* * * LOW HITPOINT WARNING * * *
You hit the six-headed hydra.
The six-headed hydra is lightly wounded.
The six-headed hydra bites you!
You die...
Kikubaaqudgha rasps: "You have failed me!
Welcome... death!"

.............#.......##...#
...#.......##.....#...#..##
.#.##.##..#####...##.....##
##.######.## #...###.....#
#..# #...####.....####.##
##.## ##..##.........##.#
##..####...#...........#.#
..............P..........#
...#.###........@>.......#
......####......D...P...##
.....### #.#...........##
...#..|###.##.........##
#..##......####.....###
...........####...###
.......##.......###
........#......##
.....#.....#.###


You could see a six-headed hydra.

Vanquished Creatures
  A cyclops (D:9)
  Joseph (D:7)
  Maggie (D:9)
  2 komodo dragons (Lair:1)
  2 trolls
  A wyvern (D:10)
  9 yaks
  A warg (D:10)
  5 water moccasins
  An acid dragon (D:10)
  2 ice beasts
  5 orc warriors
  2 ogres
  2 centaurs
  2 wolves (D:9)
  2 phantoms (D:4)
  3 kobold brigands
  3 bullfrogs
  A gnoll sergeant (D:10)
  A scorpion (D:5)
  A water moccasin zombie (D:4)
  6 killer bees (D:10)
  An electric eel (D:7)
  9 howler monkeys
  A centaur zombie (D:4)
  3 orc priests
  2 bombardier beetles
  A jelly (D:5)
  3 hounds
  5 iguanas
  A sleepcap (D:8)
  A gnoll bouda (D:7)
  9 orc wizards
  A hound zombie (D:4)
  A howler monkey zombie (D:4)
  18 gnolls
  6 adders
  2 shadow imps (D:7)
  2 white imps
  3 adder zombies (D:4)
  2 adder skeletons (D:4)
  2 dart slugs
  A ribbon worm (D:2)
  24 orcs
  3 ball pythons
  6 endoplasms
  4 giant cockroaches
  9 goblins
  7 hobgoblins
  4 jackals (D:1)
  2 quokkas
  4 bats
  5 frilled lizards
  13 kobolds
  A rat (D:2)
210 creatures vanquished.

Vanquished Creatures (collateral kills)
  A cane toad (Lair:1)
  A troll (D:9)
  10 yaks
  Menkaure (D:4)
  An acid dragon (D:9)
  A water moccasin (Lair:1)
  An ogre (D:4)
  A kobold brigand (D:10)
  3 killer bees (D:10)
  An electric eel (D:7)
  An orc priest (D:7)
  2 iguanas
  3 gnolls
  An adder (D:5)
  2 white imps
  7 orcs
37 creatures vanquished.

Vanquished Creatures (others)
  A cane toad zombie (Lair:1)
  A komodo dragon zombie (Lair:1)
  An orc wizard (D:10)
3 creatures vanquished.

Grand Total: 250 creatures vanquished

Notes
Turn   | Place    | Note
-------+----------+-------------------------------------------
     0 | D:1      | PaiMei the Demonspawn Necromancer began the quest for the
                  | Orb.
     0 | D:1      | Reached XP level 1. HP: 13/13 MP: 3/3
   424 | D:1      | Reached skill level 2 in Dodging
   424 | D:1      | Gained mutation: A weak demonic guardian rushes to your
                  | aid. [demonic ancestry]
   424 | D:1      | Reached XP level 2. HP: 19/19 MP: 3/5
  1332 | D:2      | Gained mutation: You are surrounded by a mild repulsion
                  | field. (EV +2) [demonic ancestry]
  1332 | D:2      | Reached XP level 3. HP: 25/25 MP: 4/6
  1336 | D:2      | Learned a level 3 spell: Vampiric Draining
  1401 | D:2      | Reached skill level 1 in Fighting
  1447 | D:2      | Gained mutation: A demonic guardian rushes to your aid.
                  | [demonic ancestry]
  1447 | D:2      | Reached XP level 4. HP: 17/32 MP: 0/7
  2401 | D:3      | Found a radiant altar of Vehumet.
  2480 | D:3      | Found a blossoming altar of Fedhas.
  2480 | D:3      | Found a basalt altar of Yredelemnul.
  2483 | D:3      | Reached skill level 5 in Necromancy
  2955 | D:3      | Gained mutation: A powerful demonic guardian rushes to your
                  | aid. [demonic ancestry]
  2955 | D:3      | Reached XP level 5. HP: 38/38 MP: 9/9
  3205 | D:3      | Found a sacrificial altar of Ru.
  3448 | D:4      | Noticed Menkaure
  3461 | D:4      | Killed Menkaure
  3462 | D:4      | Reached skill level 3 in Dodging
  3462 | D:4      | Gained mutation: You have a small tail. [demonic ancestry]
  3462 | D:4      | Reached XP level 6. HP: 28/46 MP: 11/11
  4296 | D:4      | Reached XP level 7. HP: 33/52 MP: 12/12
  4299 | D:4      | Reached skill level 4 in Dodging
  4710 | D:4      | Learned a level 4 spell: Animate Dead
  4715 | D:5      | Entered Level 5 of the Dungeon
  5259 | D:5      | Reached skill level 5 in Dodging
  5564 | D:5      | Gained mutation: You are surrounded by a moderate repulsion
                  | field. (EV +3) [demonic ancestry]
  5564 | D:5      | Reached XP level 8. HP: 29/60 MP: 14/14
  5713 | D:5      | Reached skill level 6 in Dodging
  5713 | D:5      | Reached skill level 5 in Spellcasting
  6000 | D:5      | Reached skill level 5 in Fighting
  6408 | D:6      | Found an opulent altar of Gozag.
  6440 | D:6      | Reached skill level 7 in Dodging
  6890 | D:6      | Reached XP level 9. HP: 68/68 MP: 15/17
  7023 | D:6      | Found a stormy altar of Qazlal.
  7368 | D:6      | Found a bloodstained altar of Trog.
  8184 | D:7      | Noticed Joseph
  8678 | D:7      | Killed Joseph
  8679 | D:7      | Reached skill level 8 in Dodging
  9445 | D:7      | Found a burning altar of Makhleb.
  9453 | D:7      | Found a staircase to the Ecumenical Temple.
 10200 | Temple   | Entered the Ecumenical Temple
 10213 | Temple   | Became a worshipper of Kikubaaqudgha
 10314 | D:8      | Identified the ring "Tuxaghu" {Ice *Corrode *Slow Fly
                  | Str+8}
 11151 | D:8      | Learned a level 5 spell: Curse of Agony
 11161 | D:8      | Reached skill level 9 in Dodging
 11365 | D:9      | Noticed a troll
 11373 | D:9      | Killed a troll
 11374 | D:9      | Reached XP level 10. HP: 77/79 MP: 11/20
 11374 | D:9      | Noticed Maggie
 11493 | D:9      | Killed Maggie
 12517 | D:9      | Reached * piety under Kikubaaqudgha
 12517 | D:9      | Received a gift from Kikubaaqudgha
 12518 | D:9      | Reached skill level 10 in Dodging
 12526 | D:9      | Reached skill level 10 in Necromancy
 12660 | D:9      | Found a runed translucent gate.
 12661 | D:9      | Found a runed translucent gate.
 12662 | D:9      | Found a runed translucent gate.
 12662 | D:9      | Noticed seawaffle's ghost (novice TrFi)
 12679 | D:9      | Noticed a cyclops
 12686 | D:9      | Killed a cyclops
 12835 | D:9      | Found a staircase to the Lair.
 13058 | D:10     | Entered Level 10 of the Dungeon
 13876 | D:10     | Found a staircase to the Orcish Mines.
 13918 | D:10     | Reached XP level 11. HP: 64/87 MP: 12/23
 14371 | D:10     | Reached skill level 11 in Dodging
 15292 | Lair:1   | Entered Level 1 of the Lair of Beasts
 15644 | Lair:1   | Reached ** piety under Kikubaaqudgha
 15842 | Lair:1   | Noticed a six-headed hydra
 15882 | D:9      | Slain by a six-headed hydra

Illustrated notes

Levels and vault maps discovered:
D:1:      amcnicky_arrival_abandoned_market, layout_loops_ring, minivault_4
D:2:      minmay_spotlight, layout_basic
D:3:      minmay_skewed_foursquare, layout_rooms,
          nicolae_ru_the_path_less_chosen, jmf_multi_god_temple,
          lemuel_round_altar
D:4:      layout_basic, serial_undead, serial_undead_d, serial_undead_f,
          serial_undead_d, serial_undead_f, uniq_menkaure
D:5:      minmay_octagon_keep, layout_basic
D:6:      layout_basic, nicolae_overflow_hidden_temple,
          nicolae_gozag_seed_capital, mainiacjoe_overflow_brackets,
          hangedman_abyss_or_decor_jellyfish_corner
D:7:      layout_basic, kennysheep_mini_moat, temple_green, enter_ossuary_5,
          chequers_big_river, uniq_joseph
D:8:      layout_loops_ring, kennysheep_cross_bottleneck,
          corexii_hall_statues_u, kennysheep_nub, hangedman_decor_riveting
D:9:      layout_cave_pools, mainiacjoe_overflow_paths,
          erik_lair_orcish_takeover, gammafunk_ghost_nasty_kobolds, uniq_maggie
D:10:     layout_loops_corners, erik_orc_3
Temple:   nicolae_temple_ecumenical_triangle
Lair:1:   beast_lair_carwin_large_3, layout_layer_cave, grunt_megastairs_2

Skill      XL: |  1  2  3  4  5  6  7  8  9 10 11 |
---------------+----------------------------------+-----
Stealth        | 2 |  2.0
Dodging        | 2 3 5 7 9 10 11 | 11.5
Fighting       | 1 2 3 4 5 7 8 9 |  9.0
Necromancy     | 5 6 7 9 10 | 10.9
Spellcasting   | 3 4 5 6 8 |  8.6

Action                     |  1- 3 |  4- 6 |  7- 9 | 10-12 || total
---------------------------+-------+-------+-------+-------++-------
  Melee: Club              |    10 |       |       |       ||    10
         Punch             |     1 |       |     2 |     2 ||     5
         Flail             |       |    22 |       |       ||    22
         Short sword       |       |    81 |   157 |   123 ||   361
         Tailslap          |       |    13 |    29 |    35 ||    77
   Cast: Necrotise         |    51 |    79 |   156 |    43 ||   329
         Vampiric Draining |       |       |   106 |   118 ||   224
         Curse of Agony    |       |       |       |     5 ||     5
         Animate Dead      |       |       |       |     1 ||     1
    Use: Scroll            |       |       |       |     7 ||     7
   Stab: Distracted        |       |       |     1 |       ||     1
 Armour: Robe              |     7 |    32 |    94 |     8 ||   141
         Troll leather arm |       |       |       |    84 ||    84
  Dodge: Dodged            |    23 |   126 |   230 |   216 ||   595
